 Dungeon Crawl Stone Soup version 0.31.0-1-g2c135a008e (webtiles) character file.

Game seed: 8995572275899546207

482 qw the Shooter (level 7, 0/52 HPs)
             Began as a Djinni Hunter on Jan 23, 2024.
             Was a Follower of Okawaru.
             Slain by a water moccasin zombie (3 damage)
             ... in an ossuary.
             The game lasted 00:00:10 (2643 turns).

qw the Shooter (Djinni Hunter)                      Turns: 2643, Time: 00:00:10

Health: 0/52       AC:  5    Str: 16    XL:     7   Next: 34%
Gold:   94         EV: 12    Int: 10    God:    Okawaru [*.....] SH:  0 Dex: 19

rFire   + + .        g - +0 orcbow
rCold   x . .        (shield currently unavailable)
rNeg    . . .        d - +0 ring mail
rPois   inf          (no helmet)
rElec   .            (no cloak)
rCorr   .            (no gloves)
SInv    .            (boots unavailable)
Will    .....        b - amulet of faith
Stlth   +            c - +6 ring of strength
HPRegen 0.28/turn    (no ring)
MPRegen 0.00/turn

%: faith, infuse magic (-1 HP)
@: flying
A: sickness immunity, fire resistance 2, cold vulnerability 1, float, innate
caster, HP casting, extra vitality 1
a: Renounce Religion, Heroism


You were in an ossuary.
You worshipped Okawaru.
Okawaru was aware of your devotion.
You visited 1 branch of the dungeon, and saw 4 of its levels.
You also visited: Ossuary.

You collected 94 gold pieces.


Innate Abilities, Weirdness & Mutations

You are immune to sickness and miasma.
You are immune to poison.
Your flesh is very heat resistant. (rF++)
You are vulnerable to cold. (rC-)
You float through the air rather than walking.
You learn spells naturally, not from books.
Your magical power is your life essence.
You have superior vitality. (+4 MHP)


   Skills:
 - Level 4.0 Fighting
 + Level 5.4 Ranged Weapons
 - Level 1.0 Armour
 - Level 3.1 Dodging
 - Level 0.7 Stealth
 + Level 2.1 Invocations


You knew the following spells:

 Your Spells              Type           Power      Damage    Failure   Level
a - Shock                 Conj/Air       0%         1d3       58%         1
b - Scorch                Fire           0%         2d5       73%         2
c - Teleport Other        Tloc           0%         N/A       91%         3
Your spell library was empty.

Inventory:

Hand Weapons
 g - a +0 orcbow (weapon)
Armour
 d - a +0 ring mail (worn)
Jewellery
 b - an amulet of faith (around neck)
 c - a +6 ring of strength (left hand)
Scrolls
 a - a scroll of enchant armour

Dungeon Overview and Level Annotations

Branches:
Dungeon (4/15)            Ossuary (1/1)
 Temple: D:4-7

Altars:
Cheibriados
Okawaru
Xom

Shops:
D:3 (


Message History

You shoot an arrow.
The arrow hits the water moccasin zombie.
The water moccasin zombie is almost destroyed.
The water moccasin zombie closely misses you. x3
You shoot an arrow.
The arrow barely misses the water moccasin zombie.
The water moccasin zombie bites you but does no damage. x2
The water moccasin zombie completely misses you.
You shoot an arrow.
The arrow barely misses the water moccasin zombie.
The water moccasin zombie barely misses you. x2
The water moccasin zombie bites you but does no damage. x2
You shoot an arrow.
The arrow hits the water moccasin zombie.
The water moccasin zombie is almost destroyed.
The water moccasin zombie bites you but does no damage. x2
The water moccasin zombie bites you.
You shoot an arrow.
The arrow completely misses the water moccasin zombie.
The water moccasin zombie barely misses you.
The water moccasin zombie bites you.
The water moccasin zombie barely misses you.
You shoot an arrow.
The arrow hits the water moccasin zombie.
The water moccasin zombie is almost destroyed.
The water moccasin zombie closely misses you.
The water moccasin zombie misses you.
The water moccasin zombie closely misses you.
You shoot an arrow.
The arrow hits the water moccasin zombie!
You destroy the water moccasin zombie!
Okawaru accepts your kill.
The water moccasin zombie barely misses you.
The water moccasin zombie bites you.
Your Invocations skill increases to level 2!
You shoot an arrow.
The arrow hits the water moccasin zombie.
The water moccasin zombie is lightly damaged.
The water moccasin zombie bites you.
You die...

### ##############
#...#..ZZ@...#...#
#...'..ZZ#...#...#
+...#...Z#...)...#
### ############'#
#...# #...# #...#
#...# ##'##


You could see a spectral scorpion, 2 water moccasin zombies and 2 gnoll zombies.

Vanquished Creatures
  A black bear (D:4)
  3 water moccasin zombies (Ossuary)
  A burial acolyte (Ossuary)
  A bombardier beetle (D:3)
  An iguana (D:4)
  An orc wizard (D:4)
  2 adders
  3 adder zombies (Ossuary)
  2 dart slugs
  A ribbon worm (D:1)
  2 orcs (D:4)
  2 bats (D:1)
  2 endoplasms
  4 giant cockroaches
  3 goblins
  5 hobgoblins
  4 quokkas
  6 ball pythons
  2 frilled lizards
  3 gnoll zombies (Ossuary)
  A jackal zombie (Ossuary)
  5 kobolds
  2 orc zombies (Ossuary)
  5 rats
62 creatures vanquished.

Notes
Turn   | Place    | Note
-------+----------+-------------------------------------------
     0 | D:1      | qw the Djinni Hunter began the quest for the Orb.
     0 | D:1      | Reached XP level 1. HP: 18/18 MP: 0/0
     0 | D:1      | 0 ||| qw: Version: 0.3-a-136-gdd3b4e8
     0 | D:1      | 0 ||| qw: Game counter: 1008
     0 | D:1      | 0 ||| qw: Melee chars always use a shield: true
     0 | D:1      | 0 ||| qw: God list: Okawaru
     0 | D:1      | 0 ||| qw: Allow faded altars: false
     0 | D:1      | 0 ||| qw: Do Orc after clearing Dungeon:15 true
     0 | D:1      | 0 ||| qw: Do second Lair branch before Depths: true
     0 | D:1      | 0 ||| qw: Lair rune preference: random
     0 | D:1      | 0 ||| qw: Goals: Normal
     0 | D:1      | 0 ||| PLANNING D:1-11
    35 | D:1      | Reached XP level 2. HP: 14/23 MP: 0/0
   371 | D:1      | Reached skill level 4 in Ranged Weapons
   371 | D:1      | Reached XP level 3. HP: 28/28 MP: 0/0
   371 | D:1      | Learned a level 1 spell: Shock
   821 | D:1      | 821 ||| UPGRADING to +0 ring mail.
   831 | D:1      | 831 ||| DROPPING +0 leather armour.
   832 | D:1      | 832 ||| READING scroll labelled COYS WOUTHRI.
   833 | D:1      | 833 ||| READING 2 scrolls labelled HOGOBI LOHYPN.
   833 | D:1      | 833 ||| IDENTIFYING 2 scrolls labelled HIAGED LIMINIO
   834 | D:1      | 834 ||| DROPPING scroll of butterflies.
   835 | D:1      | 835 ||| DROPPING 2 scrolls of amnesia.
   890 | D:2      | Reached skill level 1 in Armour
  1302 | D:2      | Reached XP level 4. HP: 34/34 MP: 0/0
  1458 | D:2      | 1458 ||| DROPPING ring of wizardry.
  1518 | D:3      | Found a snail-covered altar of Cheibriados.
  1676 | D:3      | Found an iron altar of Okawaru.
  1677 | D:3      | 1677 ||| PLANNING OKAWARU WORSHIP
  1677 | D:3      | 1677 ||| UPGRADING to amulet of faith.
  1682 | D:3      | 1682 ||| UPGRADING to +6 ring of strength.
  1683 | D:3      | 1683 ||| READING 2 scrolls of identify.
  1683 | D:3      | 1683 ||| IDENTIFYING scroll labelled YRAODI QIJA
  1684 | D:3      | 1684 ||| DROPPING scroll of fear.
  1689 | D:3      | Became a worshipper of Warmaster Okawaru
  1690 | D:3      | 1690 ||| PLANNING D:1-11
  1765 | D:3      | Found a shimmering altar of Xom.
  1767 | D:3      | Found a shimmering altar of Xom.
  1768 | D:3      | Found a shimmering altar of Xom.
  1869 | D:3      | Found Esefuc's Weapon Emporium.
  1869 | D:3      | Noticed a +0 rapier
  1871 | D:3      | Noticed a +0 demon trident
  1879 | D:3      | 1879 ||| SWAPPING to +0 orcbow.
  1880 | D:3      | 1880 ||| DROPPING +0 shortbow.
  1906 | D:3      | Reached skill level 3 in Fighting
  2022 | D:3      | Reached skill level 3 in Dodging
  2022 | D:3      | Reached XP level 5. HP: 32/40 MP: 0/0
  2022 | D:3      | Learned a level 2 spell: Scorch
  2394 | D:3      | 2394 ||| READING scroll of identify.
  2394 | D:3      | 2394 ||| IDENTIFYING scroll labelled KOUCED UGIUTZ
  2395 | D:3      | 2395 ||| READING scroll labelled WEHOJOTITU.
  2419 | D:4      | 2419 ||| PLANNING OSSUARY
  2495 | D:4      | Noticed a black bear
  2499 | D:4      | Killed a black bear
  2500 | D:4      | Reached skill level 5 in Ranged Weapons
  2500 | D:4      | Reached XP level 6. HP: 46/46 MP: 0/0
  2500 | D:4      | Found a sand-covered staircase.
  2506 | Ossuary  | Entered an ossuary
  2532 | Ossuary  | Reached * piety under Okawaru
  2544 | Ossuary  | Reached skill level 1 in Invocations
  2553 | Ossuary  | Reached XP level 7. HP: 45/52 MP: 0/0
  2553 | Ossuary  | Learned a level 3 spell: Teleport Other
  2619 | Ossuary  | 2619 ||| RETREEEEATING.
  2620 | Ossuary  | 2620 ||| RETREEEEATING.
  2621 | Ossuary  | 2621 ||| RETREEEEATING.
  2622 | Ossuary  | 2622 ||| RETREEEEATING.
  2632 | Ossuary  | HP: 12/52 [water moccasin zombie (3)]
  2639 | Ossuary  | HP: 7/52 [water moccasin zombie (1)]
  2642 | Ossuary  | HP: 2/52 [water moccasin zombie (2)]
  2643 | Ossuary  | Slain by a water moccasin zombie

Levels and vault maps discovered:
D:1:      minmay_arrival_doors, layout_basic, nicolae_wormholes
D:2:      layout_loops_cross, minmay_bisected
D:3:      layout_basic, cheibriados_altar_1, mainiacjoe_overflow_alcove_1,
          xom_redecorated, serial_shops, nicolae_shop_mannequins
D:4:      minmay_bubble_buster, layout_basic, mainiacjoe_overflow_24_doors,
          kennysheep_mini, nicolae_ossuary_entry_monument,
          ebering_ghost_inner_flame
Ossuary:  ossuary_tomb_2

Skill      XL: |  1  2  3  4  5  6  7 |
---------------+----------------------+-----
Ranged Weapons | 4 5 |  5.4
Armour         | 1 |  1.0
Fighting       | 3 4 |  4.0
Dodging        | 3 |  3.1
Invocations    | 1 2 |  2.1
Stealth        | |  0.7

Action                     |  1- 3 |  4- 6 |  7- 9 || total
---------------------------+-------+-------+-------++-------
   Fire: Shortbow          |    70 |    19 |       ||    89
         Orcbow            |       |    73 |    38 ||   111
    Use: Scroll            |     2 |     3 |       ||     5
 Armour: Leather armour    |     9 |       |       ||     9
         Ring mail         |     2 |    26 |    46 ||    74
  Dodge: Dodged            |     8 |    33 |    36 ||    77

Table legend:
 A = Non-vault XP
 B = Vault XP
 C = Vault XP percentage of total XP
 D = Non-vault monster count
 E = Vault monster count
 F = Vault count percentage of total count
                 A         B        C        D         E       F
            +---------+---------+-------+---------+---------+-------
      Total |     339 |     350 |  50.8 |      45 |      17 |  27.4
            +---------+---------+-------+---------+---------+-------
        D:1 |      39 |       4 |   9.3 |      22 |       1 |   4.3
        D:2 |      28 |       5 |  15.2 |       8 |       3 |  27.3
        D:3 |      69 |       0 |   0.0 |       8 |       0 |   0.0
        D:4 |     203 |       0 |   0.0 |       7 |       0 |   0.0
    Ossuary |       0 |     341 | 100.0 |       0 |      13 | 100.0
            +---------+---------+-------+---------+---------+-------
